 Dungeon Crawl Stone Soup version 0.29-a0-582-ge82337ba6a (webtiles) character file.

Game seed: 10461247287470654879

95505 frogsbabysitter the Slayer (level 16, 0/171 HPs)
             Began as a Hill Orc Monk on June 14, 2022.
             Was a High Priest of Beogh.
             Slain by an entropy weaver (1 damage)
             ... on level 3 of the Spider Nest.
             The game lasted 02:08:07 (33690 turns).

frogsbabysitter the Slayer (Hill Orc Monk)         Turns: 33690, Time: 02:08:08

Health: 0/171      AC: 20    Str: 28    XL:     16   Next: 14%
Magic:  22/22      EV:  6    Int: 10    God:    Beogh [*****.]
Gold:   1177       SH: 15    Dex: 13    Spells: 15/15 levels left

rFire   . . .      SeeInvis .   r - +8 mithril axe "Arga" {speed, Will+}
rCold   . . .      Faith    .   t - +0 tower shield
rNeg    . . .      Spirit   .   I - +0 plate armour
rPois   .          Reflect  .   R - +0 hat
rElec   .          Harm     .   V - +0 cloak
rCorr   .          Rampage  .   E - +0 pair of gloves
Will    ++...                   p - +1 pair of boots {Fly}
Stlth   ..........              u - amulet of the acrobat
HPRegen 0.38/turn               q - +6 ring of strength
MPRegen 0.18/turn               j - +4 ring of protection

@: corroded, flying
A: walk on water
a: Renounce Religion, Smiting, Recall Orcish Followers, Give Item to Named
Follower


You were on level 3 of the Spider Nest.
You worshipped Beogh.
Beogh was extremely pleased with you.
You visited 5 branches of the dungeon, and saw 26 of its levels.
You also visited: Bailey and Ice Cave.

You collected 1910 gold pieces.
You spent 733 gold pieces at shops.

Inventory:

Hand Weapons
 e - a +3 bardiche
 l - the +9 spear "Durysed" {vorpal, Str+2 SInv Stlth+}
   (You found it on level 2 of the Dungeon)

   It inflicts extra damage upon your enemies.
   Str:       It affects your strength (+2).
   SInv:      It lets you see invisible.
   Stlth:     It makes you more stealthy.
 r - the +8 mithril axe "Arga" (weapon) {speed, Will+}
   (You acquired it on level 10 of the Dungeon)

   Attacks with this weapon are significantly faster.
   Will:      It increases your willpower.
Missiles
 i - 3 curare-tipped darts
 C - 2 javelins
 G - 17 poisoned darts (quivered)
 L - 2 throwing nets
 Y - 9 boomerangs
Armour
 b - a +2 buckler
 p - a +1 pair of boots of flying (worn)
 t - a +0 tower shield (worn)
 E - a +0 pair of gloves (worn)
 I - a +0 plate armour (worn)
 R - a +0 hat (worn)
 V - a +0 cloak (worn)
 Z - the +4 skin of Zhor {*Englaciate rC+++ SInv}
   (You found it on level 1 of the Lair of Beasts)

   It radiates cold, occasionally slowing all nearby creatures who are not
   resistant to cold.
   rC:        It renders you almost immune to cold.
   SInv:      It lets you see invisible.
Jewellery
 j - a +4 ring of protection (right hand)
 q - a +6 ring of strength (left hand)
 u - an amulet of the acrobat (around neck)
 O - a ring of flight
 T - a ring of see invisible
 X - a ring of fire
Wands
 f - a wand of digging (5)
 m - a wand of flame (11)
 v - a wand of iceblast (28)
 J - a wand of acid (4)
Scrolls
 d - 2 scrolls of blinking
 g - 5 scrolls of enchant armour
 h - 3 scrolls of fear
 k - 13 scrolls of teleportation
 x - 7 scrolls of magic mapping
 y - 2 scrolls of silence
 B - 6 scrolls of enchant weapon
 H - 5 scrolls of fog
 M - 3 scrolls of brand weapon
 P - 3 scrolls of summoning
Potions
 a - 3 potions of berserk rage
 c - 3 potions of ambrosia
 n - 3 potions of heal wounds
 o - 4 potions of flight
 s - 12 potions of curing
 z - a potion of resistance
 A - 3 potions of brilliance
 D - 6 potions of mutation
 F - 6 potions of haste
 N - a potion of invisibility
 Q - a potion of cancellation
 S - 3 potions of might
Miscellaneous
 w - a box of beasts
 K - a lightning rod (4/4)
 W - a condenser vane


   Skills:
 + Level 22.9 Fighting
 - Level 18.0 Axes
 - Level 1.9 Throwing
 - Level 11.5 Armour
 - Level 2.5 Dodging
 - Level 1.7 Stealth
 + Level 9.7 Shields
 - Level 9.0 Invocations


You had 15 spell levels left.
You didn't know any spells.
Your spell library contained the following spells:

 Spells                   Type           Power      Damage    Failure   Level
 Apportation              Tloc           0%         N/A       100%        1
 Magic Dart               Conj           0%         1d3       100%        1
 Necrotize                Necr           0%         1d4       100%        1
 Summon Small Mammal      Summ           0%         N/A       100%        1
 Blink                    Tloc           0%         N/A       100%        2
 Call Imp                 Summ           0%         N/A       100%        2
 Ensorcelled Hibernation  Hex/Ice        0%         N/A       100%        2
 Poisonous Vapours        Pois/Air       0%         N/A       100%        2
 Searing Ray              Conj           0%         2d4       100%        2
 Call Canine Familiar     Summ           0%         N/A       100%        3
 Dazzling Flash           Conj/Hex       0%         N/A       100%        3
 Frozen Ramparts          Ice            0%         1d2       100%        3
 Gell's Gravitas          Tloc           0%         N/A       100%        3
 Lesser Beckoning         Tloc           0%         N/A       100%        3
 Mephitic Cloud           Conj/Pois/Air  0%         N/A       100%        3
 Portal Projectile        Hex/Tloc       0%         N/A       100%        3
 Spider Form              Tmut/Pois      0%         N/A       100%        3
 Summon Guardian Golem    Hex/Summ       0%         N/A       100%        3
 Teleport Other           Tloc           0%         N/A       100%        3
 Tukima's Dance           Hex            0%         N/A       100%        3
 Vampiric Draining        Necr           0%         2d6       100%        3
 Anguish                  Hex/Necr       0%         N/A       100%        4
 Corpse Rot               Necr/Pois/Air  0%         N/A       100%        4
 Fulminant Prism          Conj/Hex       0%         3d6       100%        4
 Ice Form                 Ice/Tmut       0%         N/A       100%        4
 Iskenderun's Mystic Bla  Conj/Tloc      0%         2d3       100%        4
 Leda's Liquefaction      Hex/Erth       0%         N/A       100%        4
 Summon Ice Beast         Ice/Summ       0%         N/A       100%        4
 Agony                    Necr           0%         N/A       100%        5
 Alistair's Intoxication  Tmut/Pois      0%         N/A       100%        5
 Blade Hands              Tmut           0%         N/A       100%        5
 Manifold Assault         Tloc           0%         N/A       100%        5
 Dispersal                Tloc           0%         N/A       100%        6
 Starburst                Conj/Fire      0%         6d3       100%        6


Dungeon Overview and Level Annotations

Branches:
Dungeon (15/15)            Temple (1/1) D:7            Lair (6/6) D:9
 Shoals (0/4) Lair:4       Spider (3/4) Lair:2        Slime (0/5) Lair:5
    Orc (1/2) D:12         Vaults (0/5) D:14         Depths (0/4) D:15
 Bailey (visited)           IceCv (visited)

Altars:
Ashenzari
Cheibriados
Elyvilon
Fedhas
Hepliaklqana
Nemelex Xobeh
Sif Muna
Uskayaw
Yredelemnul
Jiyva
Lugonu

Shops:
D:2 *   D:3 ?   D:9 ?(   D:12 (   D:14 (

Portals:
Abyss: Lair:6

Annotations:
D:4 Menkaure; Sigmund
D:5 3 runed translucent doors, DocClef's ghost, weakling DrDe
D:9 3 runed translucent doors, dolemite99's ghost, novice MeEE
D:15 3 runed translucent doors, Jisiwi's ghost, adept GrFi
Lair:5 exclusion: 2 oklob plants
Spider:1 Roxanne


Message History

You block the wolf spider's attack. The wolf spider barely misses you.
Worak shoots a bolt.
The bolt barely misses the wolf spider.
You feel sick.
Bogwald burns!
You block the wolf spider's attack. The wolf spider misses you.
You slice the wolf spider!!
The wolf spider is heavily wounded.
You feel sick. You block the wolf spider's attack. x2
You feel sick.
You are no longer poisoned.
Bogwald burns!
The wolf spider hits you.
* * * LOW HITPOINT WARNING * * *
You block the wolf spider's attack.
Bogwald hits the wolf spider from afar with the +4 scythe "Niewev" {freeze, rElec rPois}!!
Bogwald freezes the wolf spider!
The wolf spider hits you but does no damage.
You block the wolf spider's attack.
You closely miss the wolf spider.
The wolf spider is almost dead.
Bogwald burns!
Bogwald hits the wolf spider from afar with the +4 scythe "Niewev" {freeze, rElec rPois}!!
Bogwald freezes the wolf spider.
The wolf spider dies!
Beogh accepts your kill.
Worak shoots a bolt.
The bolt hits the entropy weaver!!
Bogwald burns!
You slice the entropy weaver!!
The entropy weaver is heavily wounded.
Bogwald burns!
The entropy weaver hits you but does no damage. x2
You block the entropy weaver's attack. The entropy weaver hits you.
* * * LOW HITPOINT WARNING * * *
Bogwald closely misses the entropy weaver.
You hit the entropy weaver.
The entropy weaver is heavily wounded.
Bogwald burns!
A redback comes into view.
You block the entropy weaver's attack. x2; The entropy weaver hits you.
You die...

..........#....###..†
.....................
...###......^........
.. #^....#..........#
# #.^..##......#.###
#########........##
#.......##....†.#....
#.^......†s.).§......
#...@o.†..#..###.....
###.Bo...##..# ....#
#^..#####..## ...#
##...^^.)..# ..#
####......# ..#
.^..... ^#.....
#....^#. .B.


You could see an entropy weaver (ally target), a redback, the friendly Bogwald
the orc warlord (strong, burning) and the friendly Worak the orc warlord
(strong, poisoned).

Vanquished Creatures
  Gastronok (D:11)
  A broodmother (Spider:1)
  Nessos (D:12)
  2 entropy weavers (Spider:1)
  A boulder beetle (Lair:6)
  A great orb of eyes (D:15)
  A vault guard (D:14)
  5 hydras
  Fannar (D:10)
  4 centaur warriors
  An ogre mage (D:15)
  A satyr (shapeshifter) (D:15)
  6 two-headed ogres
  Erica (D:11)
  4 death yaks
  2 thrashing horrors (Lair:6)
  3 tengu warriors
  A pharaoh ant (Spider:1)
  An orb spider (Spider:1)
  A wizard (D:14)
  7 wolf spiders
  2 deep elf pyromancers
  11 ugly things
  2 moths of wrath (Spider:1)
  2 manticores
  2 centaur zombies (D:15)
  5 elephants (Lair:6)
  4 cane toads (Lair:6)
  2 smoke demons (Lair:6)
  3 black mambas
  Psyche (D:11)
  4 torpor snails
  A gargoyle (D:12)
  An unseen horror (shapeshifter) (Lair:6)
  An unseen horror (D:13)
  6 komodo dragons
  A freezing wraith (D:14)
  3 demonic crawlers
  6 rime drakes
  2 tengu conjurers (D:9)
  A merfolk (Lair:4)
  3 polar bears (D:15)
  A hornet (shapeshifter) (D:14)
  A hornet (D:8)
  7 trolls
  7 tarantellas
  2 tarantellas (shapeshifter)
  17 blink frogs
  4 slime creatures
  2 water elementals (D:15)
  3 centaur simulacra (D:15)
  3 culicivoras
  4 shadows
  3 jumping spiders
  4 wyverns
  A vampire (D:11)
  37 yaks
  2 wraiths
  2 ynoxinuls (Lair:6)
  2 large abominations (Lair:6)
  A spriggan (Lair:6)
  Eustachio (D:5)
  4 basilisks (Lair:6)
  9 humans (D:14)
  A steam dragon (Lair:5)
  4 vampire mosquitoes (D:12)
  26 redbacks
  12 water moccasins
  Edmund (D:5)
  8 orc warriors
  2 sky beasts
  3 ice beasts
  A black bear (D:8)
  10 centaurs
  4 boggarts (D:14)
  13 wolves (Lair:1)
  2 ogres
  A kobold brigand (D:7)
  11 bullfrogs
  Blork the orc (D:5)
  2 necrophages
  5 wights (D:8)
  7 small abominations (Lair:6)
  5 killer bees
  5 electric eels
  6 howler monkeys
  3 jellies
  5 hounds
  2 orc priests (D:8)
  2 iguanas
  Natasha (thrice) (D:2)
  7 hell rats
  6 orc wizards
  Robin (D:3)
  15 gnolls
  6 adders
  3 white imps
  2 ufetubi
  3 worms
  3 dart slugs
  21 orcs
  10 ball pythons
  10 endoplasms
  2 giant cockroaches
  21 goblins
  16 hobgoblins
  7 quokkas
  3 bats (D:2)
  6 frilled lizards
  6 kobolds
  7 rats
526 creatures vanquished.

Vanquished Creatures (collateral kills)
  Mara (Spider:3)
  Frances (Spider:2)
  Louise (Spider:1)
  2 emperor scorpions (Spider:3)
  2 boulder beetles
  3 hydras
  A vault guard (D:14)
  A centaur warrior (D:13)
  A catoblepas (Lair:5)
  A jorogumo (Spider:2)
  2 radroaches (Spider:1)
  2 thrashing horrors (Lair:6)
  2 sun moths
  An orb spider (Spider:2)
  A necromancer (D:14)
  A deep elf pyromancer (D:12)
  An oklob plant (Lair:5)
  3 wolf spiders (Spider:3)
  4 cyclopes (D:13)
  An elephant (Lair:6)
  2 black mambas (Lair:6)
  A moth of wrath (Spider:1)
  A torpor snail (Lair:6)
  A smoke demon (Lair:6)
  5 cane toads
  2 demonic crawlers (Spider:3)
  2 rime drakes
  A kobold demonologist (Bailey)
  2 komodo dragons
  2 tengu conjurers (D:13)
  An ancient zyme (Lair:6)
  A troll (Orc:1)
  4 tarantellas
  A slime creature (D:15)
  7 blink frogs
  8 jumping spiders
  6 culicivoras
  A water elemental (D:15)
  8 yaks (Lair:6)
  12 humans (D:14)
  A basilisk (Lair:3)
  A chaos spawn (Lair:6)
  17 redbacks
  A large abomination (Lair:6)
  An acid dragon (D:11)
  3 water moccasins
  2 small abominations (Lair:6)
  An ogre (D:15)
  An orc wizard (D:10)
  2 hell rats (Lair:3)
  2 river rats (D:9)
  2 orcs
  5 goblins
  3 training dummies (D:14)
  A rat (D:9)
  A bush (Lair:2)
  3 butterflies
147 creatures vanquished.

Vanquished Creatures (others)
  An orc knight (Spider:3)
  An orc priest (Spider:1)
  A tarantella (Spider:1)
  3 orc warriors
  An orc wizard (D:9)
  7 orcs
  A hobgoblin (Bailey)
  37 fungi
  74 plants
126 creatures vanquished.

Grand Total: 799 creatures vanquished

Notes
Turn   | Place    | Note
-------+----------+-------------------------------------------
     0 | D:1      | frogsbabysitter the Hill Orc Monk began the quest for the
                  | Orb.
     0 | D:1      | Reached XP level 1. HP: 19/19 MP: 1/1
   240 | D:1      | Reached XP level 2. HP: 27/27 MP: 2/2
   326 | D:1      | Found a faded altar of an unknown god.
   610 | D:1      | Reached skill level 4 in Fighting
   925 | D:2      | Found Tughog Bosta's General Store.
   929 | D:2      | Reached XP level 3. HP: 30/33 MP: 3/3
  1337 | D:1      | Reached skill level 5 in Axes
  1554 | D:2      | Noticed Natasha
  1567 | D:2      | Killed Natasha
  1568 | D:2      | Reached XP level 4. HP: 27/41 MP: 4/4
  1864 | D:2      | Noticed Natasha
  1890 | D:2      | Killed Natasha
  1953 | D:2      | Noticed Natasha
  1978 | D:2      | Killed Natasha
  1979 | D:2      | Reached XP level 5. HP: 20/47 MP: 5/5
  2257 | D:2      | Identified the +9 spear "Durysed" {vorpal, Str+2 SInv
                  | Stlth+}
  2400 | D:2      | Bought 2 potions of heal wounds for 130 gold pieces
  2595 | D:3      | You fall into a shaft and drop 2 floors!
  2595 | D:5      | Entered Level 5 of the Dungeon
  2611 | D:5      | Reached skill level 5 in Fighting
  2696 | D:5      | Noticed Edmund
  2880 | D:4      | Reached XP level 6. HP: 56/56 MP: 6/6
  3046 | D:4      | Noticed Sigmund
  3049 | D:4      | Noticed Menkaure
  3143 | D:3      | Found a blossoming altar of Fedhas.
  3145 | D:3      | Noticed Robin
  3170 | D:3      | Killed Robin
  3635 | D:3      | Found Ubosh's Magic Scroll Shop.
  3890 | D:3      | Bought a scroll of identify for 22 gold pieces
  3890 | D:3      | Bought a scroll of enchant weapon for 82 gold pieces
  4377 | D:5      | Noticed an ice beast
  4456 | D:5      | Reached XP level 7. HP: 56/62 MP: 7/7
  4597 | D:5      | Noticed Eustachio
  4680 | D:5      | Reached skill level 6 in Fighting
  5190 | D:6      | Became a worshipper of Beogh the Brigand
  5190 | D:6      | Reached * piety under Beogh
  5190 | D:6      | Reached ** piety under Beogh
  5200 | D:6      | Reached skill level 7 in Fighting
  5200 | D:6      | Reached skill level 10 in Axes
  5200 | D:6      | Reached XP level 8. HP: 73/73 MP: 8/8
  5428 | D:5      | Killed Edmund
  5785 | D:5      | Found a runed translucent gate.
  5786 | D:5      | Found a runed translucent gate.
  5790 | D:5      | Found a runed translucent gate.
  5790 | D:5      | Noticed DocClef's ghost (weakling DrDe)
  5791 | D:5      | Noticed Blork the orc
  5806 | D:5      | Killed Blork the orc
  5807 | D:5      | Reached skill level 8 in Fighting
  5880 | D:5      | Killed Eustachio
  6178 | D:7      | Reached XP level 9. HP: 81/82 MP: 9/9
  6267 | D:7      | Reached skill level 1 in Invocations
  6395 | D:7      | Reached skill level 1 in Armour
  6735 | D:7      | Reached skill level 9 in Fighting
  7100 | D:7      | Found a staircase to the Ecumenical Temple.
  7116 | Temple   | Entered the Ecumenical Temple
  7482 | D:8      | Noticed a hornet
  7493 | D:8      | Killed a hornet
  7508 | D:8      | Reached skill level 5 in Invocations
  7844 | D:8      | Reached skill level 10 in Fighting
  8006 | D:8      | Reached skill level 5 in Armour
  8137 | D:8      | Noticed a troll
  8201 | D:8      | Reached XP level 10. HP: 62/94 MP: 13/13
  8205 | D:8      | Reached *** piety under Beogh
  8683 | D:8      | Noticed a two-headed ogre
  8693 | D:8      | Killed a two-headed ogre
  8694 | D:8      | Reached skill level 11 in Fighting
  9091 | D:9      | Noticed a death yak
  9309 | D:9      | Found a staircase to the Lair.
  9310 | D:9      | Noticed a death yak
  9310 | D:9      | Noticed a death yak
  9817 | D:9      | Found Ininnuoff's Magic Scroll Boutique.
  9832 | D:9      | Bought a scroll of enchant armour for 97 gold pieces
  9832 | D:9      | Bought a scroll of brand weapon for 260 gold pieces
  9832 | D:9      | Bought a scroll of fear for 45 gold pieces
  9832 | D:9      | Bought a scroll of identify for 26 gold pieces
  9966 | D:9      | Found Jaipist's Antique Weapon Emporium.
 10098 | D:9      | Found the +0 staff of Battle
 10147 | D:9      | Found a runed translucent gate.
 10147 | D:9      | Found a runed translucent gate.
 10148 | D:9      | Noticed an 11-headed hydra
 10148 | D:9      | Noticed an 11-headed hydra
 10149 | D:9      | Found a runed translucent gate.
 10149 | D:9      | Noticed dolemite99's ghost (novice MeEE)
 10252 | D:8      | Reached skill level 12 in Fighting
 10405 | Lair:1   | Entered Level 1 of the Lair of Beasts
 10684 | Lair:1   | Reached XP level 11. HP: 71/105 MP: 14/14
 11027 | Lair:1   | Reached skill level 13 in Fighting
 11596 | Lair:1   | Reached skill level 10 in Armour
 11869 | Lair:1   | Reached **** piety under Beogh
 12386 | Lair:1   | Reached skill level 14 in Fighting
 12520 | Lair:2   | Found a hole to the Spider Nest.
 12563 | Lair:2   | Noticed a seven-headed hydra
 12602 | Lair:2   | HP: 5/110 [yak (10)]
 13049 | Lair:2   | Noticed a five-headed hydra
 13061 | Lair:1   | Upgraded the game from 0.29-a0-577-gafbf2c5d25 to
                  | 0.29-a0-582-ge82337ba6a
 13100 | Lair:1   | Found the +4 skin of Zhor {*Englaciate rC+++ SInv}
 13574 | Lair:2   | Noticed a four-headed hydra
 13595 | Lair:2   | Killed a four-headed hydra
 13873 | D:9      | Bought a scroll of magic mapping for 45 gold pieces
 13873 | D:9      | Bought a scroll of identify for 26 gold pieces
 13974 | D:8      | Killed a death yak
 13975 | D:8      | Reached XP level 12. HP: 118/118 MP: 15/15
 14065 | D:10     | Entered Level 10 of the Dungeon
 14166 | D:10     | Reached skill level 1 in Shields
 14308 | D:10     | Found a flagged portal.
 14324 | Bailey   | Entered a bailey
 14357 | Bailey   | Reached skill level 15 in Fighting
 14370 | Bailey   | Gained Ogrik as an ally
 14535 | Bailey   | Noticed a soul eater
 14536 | Bailey   | Your ally Ogrik died
 14559 | Bailey   | Noticed a sun demon
 14559 | Bailey   | Was placed under penance by Beogh
 14568 | Bailey   | Reached skill level 1 in Throwing
 15371 | Bailey   | Noticed an orc warlord
 15824 | D:10     | Was forgiven by Beogh
 15875 | D:10     | Noticed Fannar
 15886 | D:10     | Killed Fannar
 16113 | D:10     | Acquired the +8 mithril axe "Arga" {speed, Will+}
 16113 | D:10     | Found the +8 mithril axe "Arga" {speed, Will+}
 16319 | D:11     | Noticed Gastronok
 16335 | D:11     | Killed Gastronok
 16702 | Lair:2   | Killed a 15-headed hydra
 17120 | Lair:3   | Gained Worak as an ally
 17276 | Lair:3   | Reached skill level 5 in Shields
 18721 | Lair:4   | Found a staircase to the Shoals.
 19389 | Lair:5   | Found a viscous altar of Jiyva.
 19392 | Lair:5   | Found a staircase to the Slime Pits.
 19696 | Lair:5   | Found a snail-covered altar of Cheibriados.
 20075 | Lair:6   | Entered Level 6 of the Lair of Beasts
 20098 | Lair:6   | Noticed a four-headed hydra
 20105 | Lair:6   | Killed a four-headed hydra
 20106 | Lair:6   | Reached skill level 16 in Fighting
 20106 | Lair:6   | Reached XP level 13. HP: 128/128 MP: 16/16
 20319 | Lair:6   | Reached skill level 15 in Axes
 20597 | Lair:6   | Reached ***** piety under Beogh
 22071 | Lair:6   | Reached skill level 17 in Fighting
 22270 | Lair:6   | Reached XP level 14. HP: 126/140 MP: 11/18
 22311 | Lair:6   | Identified the +5 hunting sling "Lutwaom" {vorpal, rElec
                  | rCorr}
 22322 | Lair:6   | Found a corrupted altar of Lugonu.
 22322 | Lair:6   | Found a one-way gate to the infinite horrors of the Abyss.
 23765 | D:11     | Noticed Psyche
 23856 | D:11     | Noticed Erica
 23858 | D:11     | Killed Erica
 23917 | D:11     | Killed Psyche
 24233 | D:11     | Found a white marble altar of Elyvilon.
 24625 | D:12     | Noticed Nessos
 24687 | D:12     | Found Vebeleur's Weapon Shop.
 25018 | D:12     | Killed Nessos
 25421 | D:12     | Found a staircase to the Orcish Mines.
 25613 | D:12     | HP: 3/141 [titanic slime creature (35)]
 26088 | D:13     | Reached skill level 18 in Fighting
 26311 | D:13     | Found a frozen archway.
 26319 | IceCv    | Entered an ice cave
 27217 | D:14     | Found Anwoepir's Firing Range.
 27304 | D:14     | Reached skill level 19 in Fighting
 27336 | D:14     | Identified the +4 scythe "Niewev" {freeze, rElec rPois}
 27342 | D:14     | Found a gate to the Vaults.
 28391 | Orc:1    | Entered Level 1 of the Orcish Mines
 28394 | Orc:1    | Noticed an orc warlord
 28684 | D:15     | Entered Level 15 of the Dungeon
 28788 | D:15     | Reached XP level 15. HP: 130/155 MP: 21/21
 28791 | D:15     | Found a broken altar of Ashenzari.
 28794 | D:15     | Reached skill level 20 in Fighting
 29110 | D:15     | Found a staircase to the Depths.
 29681 | D:15     | Found a runed translucent gate.
 29681 | D:15     | Found a runed translucent gate.
 29681 | D:15     | Found a runed translucent gate.
 29685 | D:15     | Noticed Jisiwi's ghost (adept GrFi)
 30085 | D:15     | Reached skill level 21 in Fighting
 30485 | D:15     | Found a basalt altar of Yredelemnul.
 31435 | Spider:1 | Entered Level 1 of the Spider Nest
 31958 | Spider:1 | Noticed Louise
 31980 | Spider:1 | Reached skill level 22 in Fighting
 31982 | Spider:1 | Killed Louise
 32094 | Spider:1 | Gained Bogwald as an ally
 32416 | Spider:1 | Noticed Roxanne
 32971 | Spider:2 | Noticed Frances
 32984 | Spider:2 | Killed Frances
 33210 | Spider:3 | Noticed an emperor scorpion
 33217 | Spider:3 | Killed an emperor scorpion
 33573 | Spider:3 | Reached XP level 16. HP: 159/170 MP: 22/22
 33646 | Spider:3 | Noticed Mara
 33677 | Spider:3 | Noticed frogsbabysitter's illusion
 33679 | Spider:3 | HP: 8/171 [poisoned by a redback]
 33679 | Spider:3 | Killed Mara
 33684 | Spider:3 | HP: 4/171 [poisoned by a redback]
 33689 | Spider:3 | HP: 1/171 [entropy weaver (2)]
 33690 | Spider:3 | Slain by an entropy weaver

Illustrated notes

Levels and vault maps discovered:
D:1:      lemuel_arrival_lava_pool, layout_loops_ring,
          hellmonk_ecumenical_altar_lost_god
D:2:      layout_basic, serial_shops, shop, uniq_natasha
D:3:      layout_basic, old_standard_altar, serial_shops,
          nicolae_shop_waterfront, grunt_decor_junction, chequers_big_river,
          serial_bayou_pond_d, uniq_robin
D:4:      layout_gridville, uniq_crazy_yiuf_cottage, uniq_menkaure, uniq_sigmund
D:5:      layout_rooms, gammafunk_ghost_nasty_kobolds,
          nicolae_elevator_lobby_asterisk, uniq_edmund, uniq_eustachio,
          uniq_blork_the_orc
D:6:      layout_rooms, serial_bayou_pond_c
D:7:      minmay_spotlight, layout_loops_ring, minmay_temple_entry_crystal_x,
          lemuel_flamethrower_2
D:8:      layout_loops_corners, minmay_quadrilaterals
D:9:      layout_loops_ring, dpeg_lair_monsters, gammafunk_ghost_hydra_chop,
          serial_shops, shop, shop_fountains,
          hellmonk_guarded_unrand_staff_of_battle
D:10:     layout_roguey, enter_bailey_3, uniq_fannar
D:11:     layout_loops_cross, elyvilon_altar_5, uniq_psyche, uniq_gastronok,
          uniq_erica
D:12:     layout_roguey, orc_0_dummy, nicolae_stop_n_shop_2,
          hangedman_abyss_or_decor_clamps, uniq_nessos
D:13:     layout_roguey, portal_ice_cave_entry_pillars_2
D:14:     layout_gridville, grunt_vaults_entry_tiered, minivault_25_ag,
          nicolae_shop_firing_range
D:15:     gammafunk_enter_depths_forms, layout_basic,
          gammafunk_ghost_necromancy, ashenzari_conservatory_becter, serial_ice,
          serial_ice_k, serial_ice_h, serial_ice_a, serial_ice_g,
          roderic_lattice_a, lemuel_zombie_altar_yredelemnul
Temple:   nicolae_temple_the_god_donut
Lair:1:   layout_cave_pods, hellmonk_guarded_unrand_zhor, grunt_megastairs_2,
          infiniplex_staircase_pool_2, lemuel_fruit_tree
Lair:2:   layout_cellular_growth, spider_nest_entry_web_field
Lair:3:   layout_gridlike, dreamdust_mushroom_princess
Lair:4:   layout_cave_shapes, elwin_shoals_entry_rooms, lemuel_fruit_fields,
          infiniplex_staircase_pool
Lair:5:   minmay_lair_oklob_chamber, layout_gridlike, slime_altar_1,
          kennysheep_snail_temple, lemuel_fruit_fields
Lair:6:   hellmonk_lair_end_abyssal_woods, layout_cave_pods
Spider:1: layout_spider_delve, uniq_louise, uniq_roxanne
Spider:2: layout_spider_delve, uniq_frances
Spider:3: layout_spider_delve, nicolae_spider_some_kinda_spiderbox, uniq_mara,
          uniq_asterion
Orc:1:    layout_caves, hangedman_minor_magic

Skill      XL: |  1  2  3  4  5  6  7  8  9 10 11 12 13 14 15 |
---------------+----------------------------------------------+-----
Fighting       | 4 5 7 8 10 12 14 16 17 19 22 | 22.9
Axes           | 5 6 7 8 10 12 14 17 18 | 18.0
Invocations    | 5 6 9 |  9.0
Armour         | 5 8 11 | 11.5
Shields        | 6 8 9 |  9.7
Throwing       | 1 |  1.9
Dodging        | |  2.5
Stealth        | |  1.7

Action                   |  1- 3 |  4- 6 |  7- 9 | 10-12 | 13-15 | 16-18 || total
-------------------------+-------+-------+-------+-------+-------+-------++-------
Melee: Hand axe          |   100 |    55 |       |       |       |       ||   155
       Punch             |       |     1 |       |       |       |       ||     1
       Spear             |       |    99 |   223 |   493 |    41 |       ||   856
       Broad axe         |       |       |       |   133 |   679 |    23 ||   835
Throw: Dart              |       |       |    10 |    14 |    19 |       ||    43
       Javelin           |       |       |       |     5 |       |       ||     5
Invok: Convert to Beogh  |       |       |     1 |       |       |       ||     1
       Smiting           |       |       |     2 |       |    26 |       ||    28
       Recall Orcish Fol |       |       |       |     2 |    17 |     1 ||    20
       Give Item to Name |       |       |       |       |     2 |       ||     2
Evoke: Wand              |       |       |     5 |     3 |     2 |       ||    10
  Use: Scroll            |       |     5 |     1 |    13 |     7 |     1 ||    27
       Potion            |       |     1 |       |     3 |       |       ||     4
 Stab: Sleeping          |     3 |    15 |     5 |       |       |       ||    23
       Distracted        |       |       |       |     4 |     3 |       ||     7
Armor: Robe              |     9 |       |       |       |       |       ||     9
       Leather armour    |    15 |    14 |    14 |       |       |       ||    43
       Chain mail        |       |       |    30 |   267 |    83 |       ||   380
       Plate armour      |       |       |       |       |   191 |    11 ||   202
Dodge: Dodged            |    53 |    58 |    74 |   222 |   234 |     9 ||   650
Block: Buckler           |       |    10 |    16 |    93 |   163 |       ||   282
       Tower shield      |       |       |       |       |    64 |    18 ||    82

Table legend: (Time is in decaauts)
 A = Elapsed time spent in this place.
 B = Non-inter-level travel time spent in this place.
 C = Inter-level travel time spent in this place.
 D = Time resting spent in this place.
 E = Time spent auto-exploring this place.
 F = Levels seen in this place.
 G = Mean time per level.
                   A        B        C        D        E       F      G
               +--------+--------+--------+--------+--------+-----+--------+
         Total |  33293 |  31145 |   2148 |  10665 |   9347 |  28 | 1189.0 |
       Dungeon |  19211 |  17995 |   1216 |   5615 |   5600 |  15 | 1280.7 |
        Temple |      1 |      1 |      0 |      0 |      0 |   1 |    1.0 |
          Lair |  10838 |   9906 |    932 |   3306 |   3639 |   6 | 1806.3 |
   Spider Nest |   2163 |   2163 |      0 |    972 |    108 |   3 |  721.0 |
  Orcish Mines |     11 |     11 |      0 |      0 |      0 |   1 |   11.0 |
        Bailey |   1061 |   1061 |      0 |    771 |      0 |   1 | 1061.0 |
      Ice Cave |      5 |      5 |      0 |      0 |      0 |   1 |    5.0 |
               +--------+--------+--------+--------+--------+-----+--------+

Top non-repeatable levels by time:
  Lair:1: 2832 daAuts
  Lair:6: 2506 daAuts
    D:15: 2097 daAuts
     D:8: 2077 daAuts
  Lair:2: 1944 daAuts
     D:7: 1474 daAuts
    D:14: 1445 daAuts
    D:12: 1364 daAuts
     D:1: 1353 daAuts
     D:3: 1310 daAuts
  Lair:4: 1307 daAuts
    D:11: 1302 daAuts
     D:2: 1236 daAuts
  Lair:5: 1210 daAuts
    D:10: 1195 daAuts
